Map: Ice and Chrome LE

Players

Petruxy

  • Race: Terran Terran
  • League: Silver
  • Spawn Location: 7:00

Throwfordays - Winner!

  • Race: Protoss Protoss
  • League: Silver
  • Spawn Location: 1:00

VOD

Have the link to the VOD?

Description

Time

  • Played on: June 29, 2020, 10:21 p.m.
  • Length: 12:50
Show
View Real Time Build Order
Export as new Build Order

Petruxy Terran 

Build Orders:  

Get SALT Encoding   

  12  0:01  SCV  
  13  0:14  SCV  
  14  0:25  Supply Depot  
  14  0:28  Refinery, SCV  
  15  0:46  SCV  
  16  0:51  Barracks  
  16  1:06  SCV  
  17  1:16  Supply Depot  
  17  1:19  SCV  
  18  1:31  SCV  
  19  1:38  Reaper  
  20  1:48  Refinery  
  20  1:55  Factory  
  21  2:02  Orbital Command  
  20  2:10  Marine  
  21  2:36  SCV  
  21  2:37  Marine  
  22  2:38  Factory Tech Lab  
  23  2:48  SCV  
  24  2:57  Widow Mine, Starport  
  26  3:01  SCV  
  27  3:07  Barracks  
  27  3:08  Supply Depot  
  27  3:13  Engineering Bay  
  27  3:14  Marine, SCV  
  29  3:30  SCV  
  29  3:32  Marine, Siege Tank  
  29  3:33  Starport Tech Lab  
  34  4:13  Marine, SCV  
  34  4:16  Widow Mine  
  37  4:25  SCV  
  38  4:31  Marine  
  38  4:34  Missile Turret  
  38  4:36  Missile Turret  
  39  4:39  Missile Turret  
  39  4:43  Cloaking Field  
  39  5:05  Supply Depot x2  
  39  5:11  Supply Depot  
  39  5:12  Supply Depot  
  39  5:17  Banshee, SCV  
  39  5:18  Widow Mine  
  39  5:20  Barracks Tech Lab  
  46  5:24  Barracks Reactor  
  45  5:29  SCV  
  46  5:39  Widow Mine  
  46  5:41  SCV  
  49  5:51  Command Center  
  49  5:54  SCV  
  50  6:28  Siege Tank  
  53  6:41  Marine x2  
  53  6:42  Marine  
  56  6:48  Banshee  
  56  6:52  Terran Infantry Weapons Level 1  
  59  6:54  Combat Shield  
  59  6:57  SCV  
  59  6:59  Marine x2  
  59  7:00  Widow Mine  
  64  7:02  Orbital Command  
  64  7:09  SCV  
  65  7:17  Reaper x2  
  68  7:30  Marine, SCV x2  
  68  7:34  Banshee, Widow Mine  
  68  7:35  Sensor Tower  
  75  7:48  Marine  
  76  7:56  Marine x2, SCV x2  
  76  7:58  Widow Mine  
  82  8:06  Marine, Refinery x2  
  82  8:08  SCV x2  
  85  8:13  Supply Depot  
  85  8:14  Supply Depot  
  85  8:15  Supply Depot  
  85  8:17  Banshee  
  85  8:19  Widow Mine  
  90  8:20  SCV x2  
  89  9:19  Marine x3, SCV x2  
  89  9:21  Widow Mine  
  89  9:22  Banshee  
  99  9:31  SCV x2  
  101  9:37  Marine  
  102  9:42  Widow Mine  
  99  10:04  Banshee, Widow Mine  
  104  10:09  SCV  
  104  10:10  Marine x3, SCV  
  109  10:21  SCV  
  109  10:25  Widow Mine  
  109  10:28  Marine x2  
  114  10:37  Armory  
  114  10:46  Siege Tank  
  120  10:50  Marine x3, SCV x2  
  125  11:00  Viking  
  124  11:08  Marine x2  
  124  11:10  Marine  
  122  11:18  Siege Tank  
  122  11:30  Viking  
  120  11:50  Siege Tank  
  120  11:58  Marine x2, SCV x2  
  120  11:59  Marauder  
  126  12:08  Viking  
  126  12:10  SCV x2  
  108  12:16  Marine  
  108  12:20  Marauder  
  108  12:22  SCV x2  
  82  12:34  SCV  
Show
View Real Time Build Order
Export as new Build Order

Throwfordays Protoss - Winner!

Build Orders: 1 Gate Expand, Double Forge 

Get SALT Encoding   

  12  0:01  Probe  
  13  0:13  Probe  
  14  0:22  Pylon  
  14  0:26  Probe  
  15  0:40  Probe  
  15  0:42  Gateway  
  16  0:53  Probe  
  17  0:59  Pylon  
  17  1:22  Nexus  
  17  1:31  Cybernetics Core  
  17  1:38  Probe  
  17  1:42  Assimilator  
  17  1:47  Probe  
  18  1:53  Assimilator  
  19  1:55  Probe  
  20  2:05  Gateway, Warp Gate  
  20  2:12  Probe  
  21  2:24  Probe  
  22  2:30  Probe  
  22  2:31  Forge  
  22  2:36  Probe  
  24  2:39  Probe  
  25  2:45  Forge  
  25  2:51  Adept  
  25  2:54  Probe  
  25  2:58  Probe  
  29  3:06  Probe  
  29  3:10  Probe  
  31  3:18  Adept, Probe  
  34  3:22  Probe  
  35  3:30  Probe  
  36  3:34  Probe  
  36  3:37  Robotics Facility  
  36  3:38  Protoss Ground Weapons Level 1  
  36  3:39  Protoss Ground Armor Level 1  
  37  3:42  Probe  
  37  3:46  Assimilator  
  38  3:49  Assimilator  
  38  3:54  Probe  
  39  3:55  Twilight Council  
  39  4:03  Adept  
  39  4:04  Adept  
  43  4:21  Probe  
  43  4:22  Resonating Glaives  
  44  4:24  Probe  
  45  4:33  Probe  
  46  4:40  Pylon  
  46  4:45  Pylon  
  46  4:53  Pylon  
  46  4:57  Pylon  
  46  4:58  Probe x2  
  48  5:00  Pylon  
  48  5:02  Adept x2  
  52  5:10  Probe x2  
  54  5:18  Pylon  
  54  5:22  Observer  
  55  5:29  Robotics Bay  
  55  5:33  Gateway  
  55  5:34  Gateway  
  55  5:36  Gateway  
  55  5:38  Gateway  
  55  5:55  Nexus, Protoss Ground Weapons Level 2  
  55  5:56  Protoss Ground Armor Level 2  
  55  5:57  Assimilator  
  55  6:03  Assimilator  
  55  6:09  Probe  
  56  6:12  Probe  
  57  6:21  Adept x2, Probe  
  57  6:24  Probe  
  63  6:34  Probe  
  63  6:36  Probe  
  65  6:40  Colossus  
  65  6:43  Extended Thermal Lance  
  71  6:48  Probe  
  71  6:53  Probe  
  73  6:55  Adept  
  73  6:56  Adept  
  73  7:00  Stalker, Probe  
  73  7:01  Stalker x2  
  82  7:05  Probe x2  
  86  7:12  Probe  
  86  7:13  Probe  
  86  7:14  Blink  
  87  7:17  Probe  
  89  7:24  Probe  
  89  7:29  Probe  
  92  7:36  Probe  
  92  7:37  Colossus  
  92  7:41  Probe  
  99  7:44  Pylon  
  99  7:46  Pylon  
  99  7:48  Probe  
  100  7:52  Robotics Facility  
  100  7:56  Pylon  
  100  7:57  Pylon  
  100  7:59  Pylon  
  100  8:30  Warp Prism  
  100  8:31  Protoss Ground Armor Level 3  
  100  8:33  Protoss Ground Weapons Level 3  
  103  8:41  Observer  
  103  8:45  Pylon  
  103  8:52  Stalker  
  103  8:53  Stalker x4  
  103  8:54  Stalker  
  115  9:02  Immortal  
  116  9:06  Immortal  
  116  9:14  Probe  
  114  9:22  Probe  
  115  9:24  Photon Cannon  
  115  9:28  Pylon  
  115  9:31  Photon Cannon, Probe  
  116  9:35  Photon Cannon  
  116  9:37  Photon Cannon  
  117  9:38  Stalker x4  
  117  9:39  Stalker x2  
  117  9:44  Probe  
  129  9:56  Probe  
  130  10:00  Observer x2  
  130  10:06  Stalker  
  130  10:07  Stalker x5  
  138  10:13  Charge  
  144  10:15  Observer x2  
  144  10:17  Probe  
  145  10:24  Photon Cannon  
  145  10:25  Photon Cannon  
  145  10:27  Gateway  
  147  10:29  Probe  
  147  10:35  Observer, Colossus  
  154  10:50  Nexus  
  154  10:54  Assimilator  
  154  10:58  Assimilator  
  154  11:29  Colossus  
  160  11:39  Pylon  
  160  11:40  Pylon  
  160  11:41  Pylon  
  160  11:43  Pylon  
  160  11:45  Pylon  
  160  12:00  Stalker x6  
  160  12:01  Stalker  
  170  12:29  Stalker x4  
  180  12:30  Stalker x3  
Tags
 
Add a new tag
Caveats
  • Supply blocks, unpowered buildings, or Contaminate may cause inaccurate times.
  • Supply counts are checked every 10 seconds.